Map: Complesso Moebius XX-1

Players

Ghost

  • Race: Zerg Zerg

Hicks

  • Race: Protoss Protoss

Jhyrachy

  • Race: Zerg Zerg
  • League: Gold

Uznic

  • Race: Protoss Protoss

Buna - Winner!

  • Race: Zerg Zerg
  • League: Bronze

xxxxxxxmx - Winner!

  • Race: Terran Terran

xar - Winner!

  • Race: Zerg Zerg

Neocry - Winner!

  • Race: Protoss Protoss
  • League: Gold

VOD

Have the link to the VOD?

Description

Time

  • Played on: April 11, 2016, 10:21 a.m.
  • Length: 23:31
Show
View Real Time Build Order
Export as new Build Order

Ghost Zerg 

Build Orders: Pool First 

Get SALT Encoding   

  12  0:06  Drone  
  13  0:31  Drone  
  13  0:32  Spawning Pool  
  13  0:35  Overlord  
  13  0:42  Extractor  
  12  0:51  Extractor  
  11  1:03  Overlord x2  
  11  1:06  Drone  
  12  1:41  Queen  
  12  1:43  Zergling x2  
  15  1:54  Zergling x2  
  15  1:59  Zergling x2  
  15  3:14  Zergling x6  
  18  3:31  Drone  
  19  3:47  Drone x3  
  19  3:48  Drone  
  23  4:15  Drone x2  
  25  4:46  Roach Warren  
  24  5:22  Drone x2  
  24  5:23  Drone, Baneling Nest  
  24  5:27  Roach x5  
  24  5:28  Roach  
  38  6:03  Drone, Evolution Chamber  
  38  6:09  Lair  
  38  6:42  Overlord x3  
  38  7:26  Spire  
  38  7:29  Drone  
  39  7:30  Drone x2  
  40  7:42  Hydralisk Den  
  39  8:01  Roach  
  39  8:02  Roach  
  43  8:41  Mutalisk x5  
  43  8:42  Mutalisk  
  55  9:31  Hydralisk x3  
  61  10:06  Overlord x6  
  61  10:39  Infestation Pit  
  60  11:14  Mutalisk x3  
  60  11:16  Swarm Host x3  
  75  11:39  Hive  
  75  12:25  Hatchery, Infestor x3  
  80  12:59  Ultralisk Cavern  
  80  13:04  Viper x2  
  27  13:28  Infestor x2  
  27  13:30  Mutalisk x2  
  27  13:42  Drone  
  11  14:39  Overseer  
  11  14:40  Overseer x4  
  11  14:42  Overseer x3  
  9  15:00  Drone x3  
  12  15:47  Drone x3  
  15  16:00  Ultralisk Cavern  
  14  16:20  Mutalisk x3  
  20  16:53  Ultralisk  
  26  17:50  Mutalisk  
  26  18:24  Drone  
  26  18:25  Drone x2  
  17  18:47  Hydralisk x3  
  23  19:34  Hydralisk x2  
  27  19:45  Extractor  
  27  19:50  Extractor  
  25  20:22  Spawning Pool  
Show
View Real Time Build Order
Export as new Build Order

Hicks Protoss 

Build Orders: Zealot Archon 

Get SALT Encoding   

  12  0:02  Probe (Chrono Boost)  
  13  0:25  Pylon  
  13  0:27  Probe (Chrono Boost)  
  14  0:38  Probe (Chrono Boost)  
  15  0:49  Gateway  
  15  1:04  Forge  
  15  1:08  Probe (Chrono Boost)  
  16  1:20  Assimilator  
  16  1:21  Probe (Chrono Boost)  
  16  1:24  Assimilator  
  17  1:28  Pylon  
  17  1:35  Probe (Chrono Boost)  
  18  1:40  Photon Cannon  
  18  1:52  Photon Cannon  
  18  2:00  Probe (Chrono Boost)  
  19  2:05  Cybernetics Core  
  19  2:10  Probe (Chrono Boost)  
  19  2:13  Photon Cannon  
  20  2:20  Zealot  
  22  2:30  Probe (Chrono Boost)  
  23  2:40  Probe (Chrono Boost)  
  25  2:51  Probe (Chrono Boost)  
  25  2:52  Warp Gate (Chrono Boost)  
  25  3:01  Pylon  
  25  3:23  Gateway  
  25  3:26  Gateway  
  25  3:30  Twilight Council  
  25  3:32  Zealot  
  27  3:35  Mothership Core  
  29  3:53  Nexus  
  29  3:56  Assimilator  
  29  3:58  Assimilator  
  29  4:01  Pylon  
  29  4:05  Zealot  
  30  4:26  Photon Cannon  
  30  4:33  Photon Cannon  
  30  4:58  Zealot x2, Pylon  
  30  4:59  Zealot  
  36  5:02  Pylon  
  36  5:08  Protoss Ground Weapons Level 1 (Chrono Boost)  
  36  5:19  Gateway  
  36  5:22  Gateway  
  36  5:25  Templar Archives  
  36  5:27  Pylon  
  36  5:36  Photon Cannon  
  36  5:39  Zealot x3  
  36  5:40  Photon Cannon  
  40  6:41  High Templar x3  
  40  6:42  High Templar  
  40  6:44  Stalker  
  40  6:46  Nexus  
  50  6:49  Assimilator  
  50  6:51  Assimilator  
  50  6:53  Pylon  
  50  6:55  Protoss Shields Level 1 (Chrono Boost)  
  50  6:57  Pylon  
  50  7:05  Archon x2  
  50  7:06  Psionic Storm  
  50  7:11  Probe  
  51  7:23  Probe  
  52  7:32  Blink  
  52  7:35  Probe  
  53  7:38  Robotics Facility  
  53  7:53  Probe  
  53  7:58  Probe  
  54  8:05  High Templar x2  
  59  8:06  Probe, High Templar  
  59  8:07  High Templar  
  59  8:08  Probe  
  65  8:18  Probe  
  65  8:19  Probe  
  66  8:20  Pylon  
  66  8:26  Pylon  
  67  8:35  Observer  
  68  8:43  Protoss Ground Armor Level 1 (Chrono Boost)  
  68  8:47  Probe x2  
  70  8:56  Observer  
  70  8:57  Probe  
  70  8:59  Probe  
  70  9:00  Stalker x2  
  70  9:01  Stalker  
  79  9:08  Probe  
  80  9:50  Stalker x5  
  90  10:04  Probe  
  91  10:11  Gateway  
  91  10:12  Gateway  
  91  10:13  Gateway  
  91  10:14  Probe  
  91  10:16  Pylon  
  92  10:36  Nexus  
  92  10:45  High Templar  
  92  10:46  Protoss Ground Weapons Level 2 (Chrono Boost), High Templar  
  92  10:47  Stalker  
  92  10:48  Stalker  
  100  10:50  Stalker  
  102  11:03  Charge  
  102  11:14  Pylon  
  102  11:22  Assimilator  
  102  11:28  Assimilator  
  102  11:34  Stalker x3  
  102  11:35  Stalker x2  
  112  11:59  Pylon  
  112  12:02  Pylon  
  112  12:03  Probe  
  112  12:06  Pylon  
  113  12:10  High Templar x4  
  113  12:11  High Templar x3  
  113  12:12  High Templar  
  113  12:13  Probe  
  130  12:24  Probe  
  131  12:41  Observer  
  131  12:43  Protoss Shields Level 2 (Chrono Boost)  
  132  12:50  Stalker x3  
  132  12:51  Stalker  
  140  13:02  Observer  
  140  13:03  Probe  
  142  13:14  Probe  
  143  13:23  Stalker x3  
  143  13:24  Stalker x4  
  143  13:25  Probe, Stalker  
  160  13:35  Forge  
  154  14:16  Archon x2  
  124  14:18  Archon  
  102  14:46  Stalker x5  
  102  14:47  Stalker  
  102  14:48  Stalker x2  
  102  14:50  Protoss Ground Armor Level 2 (Chrono Boost)  
  118  15:05  Protoss Ground Weapons Level 3 (Chrono Boost)  
  118  15:10  Zealot x2  
  118  15:11  Zealot x5  
  118  15:12  Zealot  
  134  15:36  Stalker x5  
  134  15:37  Stalker x3  
  150  15:54  Gateway  
  150  15:55  Gateway  
  150  15:59  Gateway  
  150  16:01  Pylon  
  150  16:06  Stalker  
  150  16:07  Stalker x4  
  150  16:08  Stalker x2  
  164  16:26  Pylon  
  164  16:30  Pylon  
  164  16:31  Pylon  
  164  16:39  Stalker x2  
  168  16:40  Stalker  
  168  16:46  High Templar  
  172  16:47  High Templar x2  
  172  16:48  High Templar  
  178  17:00  Archon  
  178  17:01  Archon  
  178  17:05  High Templar x2  
  182  17:41  Nexus  
  182  17:46  Assimilator  
  182  17:48  Assimilator  
  182  17:49  Protoss Ground Armor Level 3 (Chrono Boost)  
  162  18:00  Archon  
  162  18:01  Archon x2  
  162  18:02  Archon  
  102  18:19  Archon  
  87  18:23  Stalker x3  
  87  18:24  Stalker x3  
  87  18:25  Stalker x2  
  103  18:44  Zealot x2  
  103  18:45  Zealot  
  103  18:47  Zealot x3  
  103  18:48  Zealot x2  
  117  18:49  Zealot x3  
  47  19:31  Zealot x3  
  49  19:32  Zealot x5  
  49  19:33  Zealot x2  
  49  19:34  Zealot  
  53  20:00  High Templar x3  
  53  20:01  High Templar x5  
  53  20:05  Archon x2  
  53  20:06  Archon x2  
Show
View Real Time Build Order
Export as new Build Order

Jhyrachy Zerg 

Build Orders: Hatch First 

Get SALT Encoding   

  12  0:03  Drone  
  13  0:09  Drone  
  14  0:17  Overlord  
  14  0:36  Drone x3  
  17  0:57  Drone  
  17  1:00  Hatchery  
  17  1:01  Extractor  
  16  1:19  Spawning Pool, Drone  
  16  1:22  Overlord  
  16  1:27  Drone  
  16  1:32  Drone  
  18  1:46  Drone  
  19  1:54  Drone  
  20  2:09  Queen  
  20  2:13  Queen  
  24  2:16  Drone  
  24  2:17  Drone x2  
  27  2:28  Drone x2  
  29  2:33  Drone  
  29  2:35  Drone  
  31  2:47  Extractor  
  31  2:49  Extractor  
  31  2:50  Lair  
  29  2:52  Extractor  
  29  2:53  Drone x2  
  30  3:02  Drone x2  
  32  3:22  Drone x2  
  32  3:23  Drone x2  
  32  3:24  Overlord x3  
  36  3:41  Overlord  
  36  3:50  Spire  
  35  3:57  Queen  
  37  4:17  Drone x2  
  37  4:18  Drone  
  37  4:23  Overlord  
  40  5:04  Mutalisk  
  40  5:05  Mutalisk x11  
  40  5:06  Mutalisk x3  
  70  5:30  Drone x6  
  70  5:32  Overlord x3  
  76  5:44  Hatchery  
  73  8:08  Evolution Chamber  
  73  8:10  Evolution Chamber  
  71  8:18  Infestation Pit  
  70  8:38  Zerg Ground Armor Level 1, Zerg Melee Weapons Level 1  
  69  8:55  Pathogen Glands  
  69  8:59  Hive  
  69  9:00  Queen  
  69  9:01  Queen  
  71  9:09  Drone  
  72  9:10  Drone x18  
  72  9:11  Drone x2  
  92  9:38  Metabolic Boost  
  90  9:54  Overseer  
  90  10:19  Ultralisk Cavern  
  89  10:28  Extractor x2  
  87  11:00  Zerg Ground Armor Level 2, Zerg Melee Weapons Level 2  
  87  11:09  Ultralisk x3  
  87  11:11  Overlord x5  
  105  11:12  Overlord x3  
  105  11:15  Chitinous Plating  
  105  11:33  Ultralisk x7  
  105  11:34  Ultralisk x3  
  105  11:36  Overlord x5  
  165  11:57  Hatchery  
  164  12:04  Ultralisk x3  
  164  12:05  Ultralisk x3  
  200  12:22  Burrow  
  200  12:52  Extractor  
  200  12:53  Extractor  
  198  13:34  Adrenal Glands  
  162  14:17  Zerg Melee Weapons Level 3  
  162  14:18  Zerg Ground Armor Level 3  
  132  17:06  Viper  
  132  17:07  Viper x10  
  132  17:08  Viper x4  
  165  17:09  Viper  
  180  17:39  Zergling x2  
  180  17:40  Zergling x34  
  180  17:41  Zergling x4  
  96  20:20  Zergling x2  
  96  20:21  Zergling x44  
  108  20:22  Zergling x34  
  134  20:59  Viper x6  
  134  21:00  Viper x11  
  167  21:21  Spore Crawler  
  167  21:22  Spore Crawler  
  158  21:30  Spore Crawler  
  158  21:31  Spore Crawler x2  
  158  21:32  Spore Crawler x2  
  142  21:33  Spore Crawler  
  142  21:34  Spore Crawler  
  142  21:35  Spore Crawler x2  
Show
View Real Time Build Order
Export as new Build Order

Uznic Protoss 

Build Orders:  

Get SALT Encoding   

  12  0:27  Assimilator  
  12  0:52  Probe (Chrono Boost)  
  13  1:03  Probe (Chrono Boost)  
  14  1:13  Probe (Chrono Boost)  
  15  1:22  Pylon  
  15  1:40  Probe (Chrono Boost)  
  15  1:42  Pylon  
  16  1:51  Probe (Chrono Boost)  
  17  2:05  Forge  
  17  2:45  Assimilator  
  9  6:25  Probe (Chrono Boost)  
  10  6:35  Probe (Chrono Boost)  
  11  7:44  Probe (Chrono Boost)  
  12  7:55  Probe (Chrono Boost)  
  13  9:05  Forge  
Show
View Real Time Build Order
Export as new Build Order

Buna Zerg - Winner!

Build Orders: Pool First 

Get SALT Encoding   

  12  0:14  Drone  
  12  0:15  Drone  
  12  0:18  Overlord  
  14  0:38  Drone  
  15  0:43  Spawning Pool  
  15  0:45  Extractor  
  15  0:46  Drone  
  14  0:55  Drone  
  15  1:03  Drone  
  16  1:12  Drone  
  17  1:24  Hatchery  
  16  1:28  Drone  
  17  1:36  Queen  
  19  1:47  Metabolic Boost  
  19  2:01  Zergling x4  
  19  2:02  Zergling x2  
  22  2:28  Overlord  
  22  2:29  Overlord  
  22  2:42  Drone  
  23  3:01  Zergling x10  
  28  3:12  Extractor  
  27  3:13  Queen  
  29  3:22  Hatchery  
  28  3:29  Drone x3  
  31  3:36  Drone  
  31  3:37  Drone x2  
  31  3:41  Drone  
  35  3:44  Spore Crawler  
  34  3:49  Spore Crawler  
  31  4:27  Zergling x2  
  31  4:28  Zergling x8  
  36  4:34  Drone  
  36  4:35  Drone x2  
  39  4:48  Lair  
  39  4:54  Zergling x4  
  39  4:57  Zergling x10  
  46  5:08  Drone, Evolution Chamber  
  46  5:11  Evolution Chamber  
  45  5:18  Drone x4  
  49  5:21  Overlord  
  30  6:29  Zergling x4  
  30  6:30  Zergling x8  
  31  7:23  Spore Crawler x2  
  31  7:24  Spore Crawler  
  31  7:25  Spore Crawler  
  31  7:26  Spore Crawler  
  26  7:51  Hatchery  
  25  8:08  Evolution Chamber  
  25  8:10  Evolution Chamber  
  16  9:07  Drone  
  17  9:13  Drone x5  
  17  9:15  Hatchery  
  21  9:21  Spawning Pool  
  21  9:22  Hatchery  
  19  9:43  Extractor  
  18  10:06  Extractor, Drone x2  
  18  10:07  Drone  
  20  10:08  Queen  
  20  10:11  Queen  
  24  10:28  Hatchery, Drone  
  24  10:35  Drone  
  25  10:50  Lair  
  25  10:55  Zergling x4  
  25  10:56  Zergling x2  
  28  11:15  Zerg Melee Weapons Level 1  
  28  11:16  Zerg Ground Armor Level 1  
  28  11:20  Zergling x4  
  28  11:24  Zergling x10  
  28  11:25  Zergling x2  
  36  11:29  Overlord x3  
  36  11:36  Drone x3  
  39  11:41  Zergling x2  
  40  11:47  Drone x2  
  42  11:55  Zergling x8  
  42  11:56  Zergling x4  
  48  12:02  Infestation Pit  
  48  12:04  Zergling x2  
  48  12:11  Zergling x2  
  48  12:12  Zergling x2  
  48  12:15  Zergling x4  
  52  12:25  Drone x3  
  55  12:30  Zergling x4  
  55  12:32  Zergling x2  
  55  12:33  Zergling x4  
  60  12:45  Drone  
  61  13:04  Hive  
  33  14:25  Zergling x10  
  38  14:33  Ultralisk Cavern  
  38  14:37  Drone x3  
  40  14:40  Drone x3  
  43  14:46  Extractor  
  43  14:48  Extractor  
  41  15:15  Zerg Melee Weapons Level 2  
  41  15:16  Zerg Ground Armor Level 2  
  41  15:25  Chitinous Plating  
  41  15:28  Ultralisk x3  
  59  15:31  Ultralisk x3  
  59  15:35  Overlord x6  
  69  15:59  Ultralisk x3  
  69  16:02  Ultralisk  
  69  16:03  Ultralisk  
  99  16:16  Drone x4  
  99  16:17  Drone  
  104  16:22  Extractor  
  103  16:26  Extractor  
  103  16:30  Ultralisk  
  103  16:31  Ultralisk  
  115  16:40  Drone x3  
  117  16:57  Zergling x6  
  120  17:03  Overlord  
  120  17:04  Overlord  
  61  18:18  Ultralisk x3  
  55  18:23  Ultralisk x2  
  55  18:24  Ultralisk  
  73  18:30  Drone x3  
  73  18:34  Ultralisk x2  
  88  18:48  Ultralisk  
  94  19:01  Drone x2  
  93  20:31  Ultralisk x3  
  93  20:34  Ultralisk x2  
  93  20:35  Ultralisk  
  123  20:39  Ultralisk x2  
  135  23:23  Spine Crawler  
  135  23:26  Spine Crawler x2  
Show
View Real Time Build Order
Export as new Build Order

xxxxxxxmx Terran - Winner!

Build Orders: Command Center First (CC), MMM Bio 

Get SALT Encoding   

  12  1:22  SCV  
  13  1:34  SCV  
  13  1:35  Supply Depot  
  14  1:47  SCV  
  15  1:49  Engineering Bay  
  15  1:51  Refinery  
  15  1:54  Refinery  
  15  1:59  SCV, Supply Depot  
  16  2:03  Command Center  
  16  2:08  Barracks  
  16  2:11  SCV  
  17  2:22  Supply Depot x2  
  17  2:46  Missile Turret x2  
  14  3:21  Supply Depot  
  14  3:52  Missile Turret  
  14  3:57  Barracks Reactor  
  14  4:00  Supply Depot  
  14  4:02  SCV  
  15  4:13  Sensor Tower  
  15  4:14  SCV  
  16  4:26  SCV  
  16  4:31  Orbital Command  
  17  4:36  Marine  
  17  4:37  Marine  
  19  4:38  SCV  
  20  4:45  Terran Infantry Armor Level 1  
  20  5:11  Refinery  
  20  5:15  Missile Turret  
  20  5:18  SCV, Barracks  
  21  5:31  SCV  
  22  5:37  Missile Turret, SCV  
  23  5:43  SCV  
  23  5:49  SCV  
  25  5:53  Factory  
  25  5:55  SCV  
  26  6:01  SCV  
  27  6:07  SCV  
  27  6:08  Barracks Tech Lab  
  28  6:13  SCV  
  28  6:15  Barracks  
  29  6:19  SCV  
  30  6:30  Stimpack  
  30  6:32  Marine x3  
  33  6:39  Factory Reactor  
  33  6:40  Terran Infantry Weapons Level 1  
  33  6:50  Marine x3  
  36  7:07  Marine  
  36  7:08  Starport, Marine x2  
  39  7:18  Widow Mine x2  
  39  7:19  Barracks Reactor, Supply Depot  
  43  7:24  Refinery  
  43  7:25  Marine x3  
  43  7:28  Orbital Command  
  46  7:43  Marine x2  
  48  7:46  Widow Mine x2  
  48  7:47  Missile Turret  
  48  7:49  Missile Turret  
  52  7:52  Sensor Tower  
  52  7:56  Marine x3  
  55  8:01  Marine x2  
  57  8:15  Widow Mine x2  
  61  8:21  Missile Turret  
  61  8:27  Missile Turret  
  61  8:29  Marine x3  
  61  8:30  Combat Shields  
  61  8:31  Missile Turret  
  61  8:34  Starport Reactor  
  64  8:43  Widow Mine x2  
  68  8:51  Missile Turret  
  68  8:52  Missile Turret  
  68  8:54  Missile Turret  
  68  9:03  Marine x4  
  68  9:04  Marine  
  73  9:21  Marine x4  
  77  9:25  Medivac x2  
  81  9:43  Marine x5  
  86  9:51  Supply Depot  
  86  9:53  Supply Depot  
  86  9:56  Supply Depot  
  86  9:57  Supply Depot  
  86  10:00  Supply Depot  
  86  10:05  Marine x3, Medivac x2  
  94  10:12  Marine  
  94  10:23  Marine x3  
  97  10:30  Marine  
  98  10:35  Medivac  
  100  10:54  Siege Tank  
  103  11:14  Refinery  
  103  11:17  Refinery  
  103  11:18  Supply Depot  
  103  11:22  Orbital Command, Supply Depot  
  103  11:23  Supply Depot  
  103  11:26  Siege Tank, Supply Depot  
  103  11:29  Supply Depot  
  106  11:36  Medivac  
  108  11:58  Siege Tank  
  111  12:18  Medivac x2  
  115  12:25  Marine x2  
  115  12:26  Marine x4  
  121  12:30  Siege Tank  
  124  12:43  Marine x4  
  124  12:44  Marine x2  
  128  12:48  Medivac  
  132  13:01  Marine x2  
  137  13:05  Siege Tank  
  65  13:52  Viking x2  
  69  14:03  Barracks Reactor  
  69  14:06  Barracks Reactor  
  69  14:14  Factory Reactor, Barracks Reactor  
  69  14:22  Viking x2  
  68  14:41  Marine x3  
  68  14:42  Marine  
  72  14:51  Marine x2  
  72  14:52  Viking  
  76  14:53  Widow Mine x2  
  76  14:58  Marine  
  76  14:59  Marine x3  
  83  15:06  Viking  
  80  15:09  Marine x2  
  74  15:14  Factory  
  74  15:16  Marine x2  
  74  15:17  Marine x2  
  74  15:20  Factory  
  78  15:22  Widow Mine x2  
  78  15:27  Marine x2  
  84  15:34  Marine x2  
  84  15:35  Marine x2  
  85  15:44  Marine  
  85  15:45  Marine  
  74  15:50  Widow Mine x2  
  74  15:52  Marine x2  
  74  15:53  Marine x2  
  76  16:02  Factory Reactor, Marine x2  
  76  16:03  Factory Reactor  
  78  16:10  Marine x3  
  78  16:11  Marine  
  82  16:19  Widow Mine x2  
  82  16:20  Marine x2  
  88  16:27  Marine  
  88  16:28  Marine x3  
  88  16:31  Viking x2  
  96  16:37  Orbital Command  
  96  16:38  Marine x2  
  98  16:45  Marine x2  
  98  16:46  Marine x2  
  102  16:47  Widow Mine x2  
  106  16:56  Marine x2  
  106  17:01  Viking x2  
  112  17:03  Marine x2  
  112  17:04  Marine x2  
  116  17:13  Marine  
  116  17:14  Marine  
  116  17:16  Widow Mine x2  
  116  17:21  Marine  
  118  17:27  Marine x3  
  102  17:31  Widow Mine x2, Marine x2, Viking  
  102  17:32  Hellion  
  93  17:39  Marine  
  89  17:45  Widow Mine x2, Marine x2  
Show
View Real Time Build Order
Export as new Build Order

xar Zerg - Winner!

Build Orders: Pool First 

Get SALT Encoding   

  12  0:02  Drone  
  13  0:08  Drone  
  14  0:27  Spawning Pool  
  13  0:29  Drone  
  14  0:38  Extractor  
  14  0:39  Drone  
  14  0:45  Overlord  
  14  1:04  Drone x3  
  17  1:14  Queen  
  19  1:28  Drone x2  
  21  1:37  Spore Crawler  
  20  1:45  Drone  
  21  1:51  Spine Crawler  
  21  1:53  Spine Crawler  
  19  1:55  Metabolic Boost  
  19  2:04  Overlord  
  19  2:09  Zergling x2  
  19  2:10  Zergling x2  
  21  2:25  Zergling x4  
  21  2:26  Zergling x4  
  25  2:38  Lair  
  25  2:40  Zergling x2  
  26  2:46  Extractor  
  25  3:02  Drone x4  
  29  3:07  Spore Crawler  
  28  3:19  Overlord  
  28  3:37  Hatchery  
  27  3:45  Drone x2  
  27  3:46  Drone  
  30  3:52  Overlord  
  30  4:00  Spore Crawler  
  29  4:08  Evolution Chamber  
  29  4:09  Drone  
  29  4:10  Drone  
  29  4:14  Drone  
  32  4:31  Zergling x6  
  32  4:36  Zerg Melee Weapons Level 1  
  34  4:49  Queen  
  34  4:50  Drone x2  
  38  4:57  Drone x2  
  40  5:00  Drone  
  41  5:12  Drone x3  
  41  5:13  Drone  
  45  5:24  Drone  
  46  5:30  Drone x3  
  46  5:31  Drone  
  50  5:39  Spore Crawler  
  50  5:41  Spore Crawler  
  48  5:46  Drone  
  48  5:47  Drone x2  
  51  6:22  Hydralisk Den  
  50  6:29  Spore Crawler  
  50  6:30  Spore Crawler  
  48  6:33  Drone  
  48  6:35  Zerg Missile Weapons Level 1  
  48  6:39  Overlord  
  49  6:40  Overlord x2  
  49  6:42  Pneumatized Carapace  
  49  6:54  Muscular Augments  
  49  6:55  Hydralisk  
  49  6:57  Hydralisk x10  
  71  7:11  Drone  
  71  7:12  Spore Crawler  
  71  7:16  Drone  
  71  7:17  Drone x2  
  74  7:33  Hydralisk  
  74  7:35  Overlord x2  
  74  7:36  Overlord x2  
  76  7:42  Spore Crawler  
  76  7:43  Drone  
  76  8:00  Hydralisk x4  
  76  8:01  Nydus Network  
  84  8:05  Drone  
  84  8:28  Drone x2  
  84  8:29  Drone x3  
  89  8:34  Extractor  
  89  8:37  Extractor  
  89  8:39  Hydralisk x4  
  95  9:02  Nydus Canal  
  95  9:25  Zerg Missile Weapons Level 2  
  95  9:34  Evolution Chamber  
  95  9:37  Drone  
  95  9:50  Hydralisk  
  95  9:51  Hydralisk x5  
  107  9:59  Overseer  
  107  10:08  Zerg Ground Armor Level 1  
  107  10:21  Overlord x2  
  107  10:22  Overlord x3  
  107  10:24  Zergling x2  
  108  10:43  Zergling x4  
  108  10:44  Zergling x20  
  120  11:05  Hydralisk  
  120  11:06  Hydralisk x7  
  120  11:11  Overseer  
  136  11:13  Overlord x2  
  136  11:14  Overlord  
  136  11:33  Infestation Pit  
  136  11:34  Hydralisk  
  136  11:35  Hydralisk x6  
  149  11:44  Zerg Melee Weapons Level 2  
  149  12:19  Hatchery  
  148  12:24  Hive  
  148  12:28  Zerg Ground Armor Level 2  
  148  12:37  Overlord x5  
  148  13:06  Roach Warren  
  147  13:43  Ultralisk Cavern  
  147  13:46  Glial Reconstitution  
  147  13:48  Roach x12  
  162  13:49  Roach x3  
  176  14:00  Zerg Missile Weapons Level 3  
  139  14:21  Queen  
  139  14:22  Drone x3  
Show
View Real Time Build Order
Export as new Build Order

Neocry Protoss - Winner!

Build Orders:  

Get SALT Encoding   

  12  0:02  Probe (Chrono Boost)  
  13  0:23  Pylon  
  13  0:25  Probe (Chrono Boost)  
  14  0:35  Probe (Chrono Boost)  
  15  0:45  Forge  
  15  0:46  Probe (Chrono Boost)  
  16  0:51  Gateway  
  16  0:56  Probe (Chrono Boost)  
  17  1:07  Probe (Chrono Boost)  
  18  1:17  Probe (Chrono Boost)  
  19  1:20  Photon Cannon  
  19  1:29  Photon Cannon  
  19  1:31  Pylon  
  19  1:35  Probe (Chrono Boost)  
  20  1:46  Probe (Chrono Boost)  
  21  2:00  Cybernetics Core  
  23  2:14  Nexus  
  21  2:18  Zealot  
  23  2:27  Assimilator  
  23  2:29  Probe (Chrono Boost)  
  24  2:32  Assimilator  
  24  2:40  Probe (Chrono Boost)  
  26  2:54  Probe (Chrono Boost)  
  26  3:05  Probe (Chrono Boost)  
  27  3:18  Mothership Core (Chrono Boost)  
  29  3:26  Pylon  
  29  3:29  Pylon  
  29  3:30  Probe (Chrono Boost)  
  30  3:36  Probe (Chrono Boost)  
  30  3:39  Warp Gate  
  30  3:40  Probe (Chrono Boost)  
  32  3:46  Probe (Chrono Boost)  
  33  3:51  Probe (Chrono Boost)  
  34  3:57  Probe (Chrono Boost)  
  34  4:02  Probe (Chrono Boost)  
  36  4:04  Pylon  
  36  4:07  Probe (Chrono Boost)  
  37  4:12  Assimilator, Probe (Chrono Boost)  
  37  4:14  Assimilator  
  38  4:17  Pylon  
  38  4:18  Probe (Chrono Boost)  
  38  4:23  Probe (Chrono Boost)  
  40  4:28  Probe (Chrono Boost)  
  41  4:33  Probe (Chrono Boost)  
  42  4:41  Probe (Chrono Boost)  
  42  4:44  Probe (Chrono Boost), Nexus  
  44  4:46  Pylon x2  
  44  4:48  Pylon  
  44  4:57  Photon Cannon  
  44  5:00  Photon Cannon  
  44  5:03  Probe (Chrono Boost), Photon Cannon  
  44  5:05  Probe (Chrono Boost)  
  46  5:13  Probe (Chrono Boost)  
  47  5:16  Probe (Chrono Boost)  
  48  5:24  Probe (Chrono Boost)  
  48  5:26  Probe (Chrono Boost)  
  50  5:30  Gateway  
  50  5:31  Gateway  
  50  5:33  Protoss Air Weapons Level 1, Gateway  
  50  5:39  Gateway  
  50  5:49  Probe (Chrono Boost)  
  52  5:50  Probe (Chrono Boost)  
  52  6:00  Probe x2 (Chrono Boost)  
  44  6:10  Probe (Chrono Boost)  
  44  6:11  Probe (Chrono Boost)  
  41  6:21  Probe (Chrono Boost), Photon Cannon  
  41  6:23  Photon Cannon  
  42  6:26  Photon Cannon  
  42  6:29  Photon Cannon  
  42  6:33  Photon Cannon  
  42  6:48  Pylon  
  42  6:50  Pylon  
  42  6:54  Photon Cannon  
  42  6:58  Photon Cannon  
  42  7:02  Photon Cannon  
  42  7:12  Stalker x2  
  46  7:16  Stalker  
  46  7:20  Stalker  
  50  7:26  Stalker  
  52  7:54  Photon Cannon  
  52  7:58  Photon Cannon, Stalker x2  
  52  7:59  Stalker  
  52  8:04  Photon Cannon  
  58  8:12  Probe (Chrono Boost)  
  61  8:13  Probe x2 (Chrono Boost)  
  61  8:23  Probe x3 (Chrono Boost)  
  64  8:33  Probe (Chrono Boost)  
  64  8:34  Probe x2 (Chrono Boost)  
  67  8:37  Pylon  
  67  8:39  Pylon  
  67  8:44  Probe (Chrono Boost)  
  67  8:45  Probe x2 (Chrono Boost)  
  70  8:50  Assimilator  
  70  8:51  Assimilator  
  70  8:55  Probe x3 (Chrono Boost)  
  73  9:05  Probe (Chrono Boost)  
  73  9:06  Probe x2 (Chrono Boost)  
  76  9:30  Probe (Chrono Boost)  
  76  9:31  Probe (Chrono Boost)  
  78  9:33  Probe (Chrono Boost)  
  79  9:41  Probe x2 (Chrono Boost)  
  79  9:43  Probe (Chrono Boost)  
  82  9:46  Protoss Air Armor Level 1  
  82  9:50  Stalker x2  
  82  9:51  Probe (Chrono Boost), Stalker x3  
  82  9:52  Probe (Chrono Boost)  
  94  9:54  Probe (Chrono Boost)  
  95  10:25  Stargate  
  95  10:27  Stargate  
  95  10:28  Stargate  
  95  10:30  Stargate  
  95  10:32  Twilight Council  
  95  10:37  Photon Cannon  
  95  10:38  Photon Cannon  
  95  10:40  Photon Cannon  
  95  10:49  Protoss Shields Level 1  
  95  11:07  Robotics Facility  
  95  11:20  Void Ray x3 (Chrono Boost)  
  95  11:22  Fleet Beacon  
  111  11:26  Void Ray (Chrono Boost)  
  111  11:32  Nexus  
  111  11:58  Void Ray x2 (Chrono Boost)  
  111  11:59  Void Ray (Chrono Boost)  
  123  12:05  Observer  
  128  12:09  Void Ray (Chrono Boost)  
  134  12:26  Observer  
  135  12:34  Pylon  
  135  12:35  Void Ray x2 (Chrono Boost), Pylon x2  
  135  12:36  Void Ray (Chrono Boost)  
  147  12:38  Pylon  
  147  12:40  Pylon  
  147  12:41  Pylon  
  147  12:46  Void Ray (Chrono Boost)  
  147  12:47  Observer  
  158  13:13  Carrier (Chrono Boost)  
  158  13:14  Carrier x2 (Chrono Boost)  
  170  13:21  Protoss Air Weapons Level 2  
  170  13:23  Protoss Shields Level 2  
  170  13:24  Carrier (Chrono Boost)  
  176  13:38  Graviton Catapult  
  108  14:27  Zealot x2  
  108  14:28  Zealot x3, Carrier x2 (Chrono Boost)  
  108  14:29  Carrier (Chrono Boost)  
  123  14:38  Carrier (Chrono Boost)  
  125  14:53  Mothership Core  
  149  15:42  Carrier (Chrono Boost)  
  149  15:43  Templar Archives, Carrier x2 (Chrono Boost)  
  149  15:53  Carrier (Chrono Boost)  
  155  16:24  Protoss Air Armor Level 2  
  155  16:28  Dark Shrine  
  155  16:32  Protoss Shields Level 3  
  155  16:56  Void Ray (Chrono Boost)  
  155  16:57  Void Ray x2 (Chrono Boost)  
  167  17:07  Void Ray (Chrono Boost)  
  171  17:33  Void Ray (Chrono Boost)  
  171  17:34  Void Ray x2 (Chrono Boost)  
  187  17:44  Void Ray (Chrono Boost)  
  187  17:51  Pylon  
  187  17:55  Pylon  
  187  18:18  Void Ray x3 (Chrono Boost)  
  199  18:25  Probe  
  193  19:23  Void Ray (Chrono Boost)  
  193  20:25  Gateway  
  193  20:27  Gateway  
  193  20:35  Gateway  
  193  20:41  Gateway  
  193  20:45  Nexus  
  189  20:54  Dark Templar  
  189  20:55  Dark Templar x2  
  189  20:56  Dark Templar  
  189  20:57  Dark Templar  
  172  21:33  Dark Templar  
  172  21:34  Dark Templar x4  
  182  21:48  Gateway  
  154  23:05  Dark Templar x5  
  156  23:06  Dark Templar  
Tags
 
Add a new tag
Caveats
  • Supply blocks, unpowered buildings, or Contaminate may cause inaccurate times.
  • Supply counts are checked every 10 seconds.